 Dungeon Sprint DCSS version 0.21.1-1-g345015f (webtiles) character file.

893 Fang the Cleaver (level 7, -1/117 HPs)
             Began as a Minotaur Berserker on June 1, 2018.
             Was a High Priest of Trog.
             Slain by Josephine
             ... wielding a +4 dagger of venom
              (4 damage)
             ... in the Dungeon (Sprint IX: "|||||||||||||||||||||||||||||").
             The game lasted 00:01:17 (618 turns).

Fang the Cleaver (Minotaur Berserker)                Turns: 618, Time: 00:01:18

Health: -1/117     AC:  6    Str: 28    XL:     7   Next: 78%
Magic:  2/2        EV: 14    Int:  4    God:    Trog [*****.]
Gold:   0          SH:  0    Dex: 10    Spells: 6/6 levels left

rFire    . . .     SeeInvis .   j - +3 battleaxe (antimagic)
rCold    . . .     Gourm    .   (shield currently unavailable)
rNeg     . . .     Faith    .   b - +0 animal skin
rPois    .         Spirit   .   (helmet restricted)
rElec    .         Reflect  .   (no cloak)
rCorr    .         Harm     .   (no gloves)
MR       .....     NoTele   +   (no boots)
Stlth    ..........             (no amulet)
HPRegen  0.29/turn              o - +2 ring of protection
MPRegen  0.08/turn              p - +2 ring of protection

@: berserking, slowed, heavily drained
A: retaliatory headbutt, horns 2
a: Berserk, Trog's Hand, Brothers in Arms, Burn Spellbooks, Renounce Religion


You were in the Dungeon.
You worshipped Trog.
Trog was extremely pleased with you.
You were not hungry.

You visited 1 branch

Inventory:

Hand Weapons
 a - a +0 hand axe
 j - a +3 antimagic battleaxe (weapon)
 n - a +1 broad axe of freezing
Armour
 b - a +0 animal skin (worn)
Jewellery
 o - a +2 ring of protection (left hand)
 p - a +2 ring of protection (right hand)
Wands
 m - a wand of iceblast (10)
Scrolls
 i - 2 scrolls of blinking
 l - 3 scrolls of remove curse
Potions
 d - 5 potions of curing
 e - 3 potions of heal wounds
 f - a potion of haste
 g - 4 potions of magic
 h - a potion of berserk rage
 k - a potion of invisibility


   Skills:
 + Level 12.4(10.9) Fighting
 + Level 13.7(12.1) Axes
 + Level 6.2(4.9) Armour
 + Level 6.3(5.0) Dodging


You had 6 spell levels left.
You didn't know any spells.

Dungeon Overview and Level Annotations

Branches:
Dungeon (1/1)

Altars:
Cheibriados
Dithmenos
Elyvilon
Fedhas
Gozag
Hepliaklqana
Kikubaaqudgha
Makhleb
Nemelex Xobeh
Okawaru
Qazlal
Ru
Sif Muna
Trog
Uskayaw
Vehumet
Wu Jian
Xom
Yredelemnul
Zin
The Shining One
Beogh
Jiyva
Lugonu

Annotations:
D Josephine


Innate Abilities, Weirdness & Mutations

You reflexively headbutt those who attack you in melee.
You have a pair of horns on your head.


Message History

The ghostly fireball engulfs the wraith.
The wraith completely resists.
The ghostly fireball engulfs you!
You feel drained.
* * * LOW HITPOINT WARNING * * *
The ghostly fireball engulfs Josephine.
Josephine completely resists.
The wraith barely misses you.
You eat the ration.
That ration really hit the spot!
The wraith misses you.
A red film seems to cover your vision as you go berserk!
You feel yourself moving faster!
You feel mighty!
You feel a lot more hungry. The wraith closely misses you.
You furiously retaliate!
You headbutt the wraith, but do no damage.
You slice Josephine!!
Josephine's magic leaks into the air.
You headbutt Josephine!
Josephine is severely wounded.
Josephine hits you with a dagger of venom!
* * * LOW HITPOINT WARNING * * *
You completely miss Josephine.
Josephine is severely wounded.
Josephine hits you with a dagger of venom.
You die...

▓▓▓▓▓▓▓▓▓▓▓▓▓▓▓▓▓▓▓▓▓▓▓▓▓▓▓▓▓▓▓▓▓
________________'.....÷....('...<
▓▓▓▓▓▓▓▓▓▓▓▓▓▓▓▓▓▓▓▓▓▓▓▓▓▓▓▓▓▓▓▓▓
................@@WWWW..
▓▓▓▓▓▓▓▓▓▓▓▓▓▓▓▓▓▓▓▓▓▓▓▓


You could see Josephine and 4 wraiths.

Vanquished Creatures
  A slime creature (D)
  A hornet (D)
  An ice beast (D)
  An ogre (D)
  2 crimson imps (D)
  A jelly (D)
  An orc wizard (D)
  An adder (D)
  A shadow imp (D)
  An ooze (D)
  An orc (D)
  2 bat skeletons (D)
  2 bat zombies (D)
  2 goblins (D)
  A bat (D)
  A kobold (D)
  A rat (D)
21 creatures vanquished.

Notes
Turn   | Place    | Note
-------+----------+-------------------------------------------
     0 | D        | Fang the Minotaur Berserker began the quest for the Orb.
     0 | D        | Reached XP level 1. HP: 19/19 MP: 0/0
    10 | D        | Reached skill level 4 in Axes
    13 | D        | Reached ** piety under Trog
   170 | D        | Noticed a crimson imp
   170 | D        | Noticed a jelly
   174 | D        | Reached skill level 5 in Fighting
   174 | D        | Reached skill level 5 in Axes
   174 | D        | Reached XP level 2. HP: 29/29 MP: 1/1
   176 | D        | Reached *** piety under Trog
   176 | D        | Reached skill level 6 in Axes
   176 | D        | Reached XP level 3. HP: 37/37 MP: 2/2
   179 | D        | Reached skill level 7 in Axes
   179 | D        | Reached XP level 4. HP: 47/47 MP: 3/3
   192 | D        | Found a roughly hewn altar of Beogh.
   192 | D        | Found a snail-covered altar of Cheibriados.
   192 | D        | Found a shadowy altar of Dithmenos.
   192 | D        | Found a white marble altar of Elyvilon.
   192 | D        | Found a blossoming altar of Fedhas.
   192 | D        | Found an opulent altar of Gozag.
   193 | D        | Found a hazy altar of Hepliaklqana.
   194 | D        | Found a viscous altar of Jiyva.
   195 | D        | Found an ancient bone altar of Kikubaaqudgha.
   196 | D        | Found a corrupted altar of Lugonu.
   197 | D        | Found a burning altar of Makhleb.
   198 | D        | Found a sparkling altar of Nemelex Xobeh.
   199 | D        | Found an iron altar of Okawaru.
   200 | D        | Found a stormy altar of Qazlal.
   201 | D        | Found a sacrificial altar of Ru.
   202 | D        | Found a deep blue altar of Sif Muna.
   203 | D        | Found a bloodstained altar of Trog.
   204 | D        | Found a hide-covered altar of Uskayaw.
   205 | D        | Found a radiant altar of Vehumet.
   206 | D        | Found an ornate altar of the Wu Jian Council.
   207 | D        | Found a shimmering altar of Xom.
   208 | D        | Found a basalt altar of Yredelemnul.
   209 | D        | Found a glowing silver altar of Zin.
   210 | D        | Found a glowing golden altar of the Shining One.
   219 | D        | Found the +7 Singing Sword
   342 | D        | Noticed an ogre
   342 | D        | Noticed an ice beast
   344 | D        | Reached **** piety under Trog
   344 | D        | Reached skill level 8 in Axes
   352 | D        | Killed an ice beast
   352 | D        | Reached skill level 9 in Axes
   352 | D        | Reached XP level 5. HP: 57/57 MP: 4/4
   353 | D        | Killed an ogre
   353 | D        | Reached ***** piety under Trog
   353 | D        | Reached skill level 10 in Fighting
   353 | D        | Reached skill level 10 in Axes
   353 | D        | Reached skill level 5 in Armour
   353 | D        | Reached skill level 5 in Dodging
   353 | D        | Reached XP level 6. HP: 66/66 MP: 5/5
   489 | D        | Noticed a hornet
   489 | D        | Noticed a slime creature
   489 | D        | Noticed a slime creature
   496 | D        | Killed a large slime creature
   496 | D        | Reached skill level 12 in Axes
   496 | D        | Reached XP level 7. HP: 75/75 MP: 6/6
   496 | D        | Reached skill level 13 in Axes
   497 | D        | Received a gift from Trog
   500 | D        | Killed a hornet
   608 | D        | Noticed a wraith
   610 | D        | Noticed Josephine
   611 | D        | Noticed a wraith
   613 | D        | Noticed a wraith
   614 | D        | Noticed a wraith
   617 | D        | HP: 3/117 [Josephine/dagger of venom (8)]
   618 | D        | Slain by Josephine

Skill      XL: |  1  2  3  4  5  6  7 |
---------------+----------------------+-----
Fighting       | 5 6 7 9 10 11 12 | 12.4
Axes           | 5 6 7 9 10 12 13 | 13.7
Armour         | 3 4 5 6 |  6.2
Dodging        | 3 4 5 6 |  6.3

Action                   |  1- 3 |  4- 6 |  7- 9 || total
-------------------------+-------+-------+-------++-------
Melee: Hand axe          |    19 |     4 |       ||    23
       Headbutt          |     1 |     2 |     3 ||     6
       Broad axe         |       |    15 |     4 ||    19
       Battleaxe         |       |       |     5 ||     5
Invok: Berserk           |     1 |     2 |     1 ||     4
  Eat: Ration            |       |       |     1 ||     1
Armor: Animal skin       |     5 |     3 |       ||     8
Dodge: Dodged            |     8 |     9 |     6 ||    23
